 Dungeon Crawl Stone Soup version 0.31-a0-1009-g454b1f1e0a (webtiles) character file.

Game seed: 15658232568699039853

79 Avanven the Slasher (level 3, -2/24 (29) HPs)
             Began as a Demigod Reaver on Nov 14, 2023.
             Slain by a gnoll
             ... wielding a +0 club
              (6 damage)
             ... on level 3 of the Dungeon.
             The game lasted 00:03:06 (1730 turns).

Avanven the Slasher (Demigod Reaver)                Turns: 1730, Time: 00:03:07

HP:   -2/24 (29)    AC:  5    Str: 17    XL:     3   Next: 95%
MP:   7/8           EV: 11    Int: 15    God:
Gold: 134           SH:  0    Dex: 12    Spells: 2/5 levels left

rFire   . . .        a - +0 falchion
rCold   . . .        (no shield)
rNeg    . . .        b - +0 leather armour
rPois   .            (no helmet)
rElec   .            (no cloak)
rCorr   .            c - +0 pair of gloves
SInv    .            h - +0 pair of boots
Will    .....        (no amulet)
Stlth   +            (no ring)
HPRegen 0.24/turn    (no ring)
MPRegen 0.11/turn

%: no passive effects
@: attractive, studying Axes, heavily drained
A: high MP 1, forlorn, divine attributes
a: no special abilities


You were on level 3 of the Dungeon.
You visited 1 branch of the dungeon, and saw 3 of its levels.

You collected 134 gold pieces.

Inventory:

Hand Weapons
 a - a +0 falchion (weapon)
Missiles
 g - a throwing net
Armour
 b - a +0 leather armour (worn)
 c - a +0 pair of gloves (worn)
 h - a +0 pair of boots (worn)
Wands
 j - a wand of acid (6)
 k - a wand of roots (9)
Scrolls
 f - a scroll of enchant weapon {unknown}
 l - a scroll of immolation {unknown}
 m - a scroll of identify {unknown}
 o - a scroll of teleportation {unknown}
Potions
 e - a potion of resistance {unknown}
 i - a potion of attraction
 n - a potion of mutation {unknown}


   Skills:
 - Level 1.7 Fighting
 * Level 4.0 Long Blades
 - Level 1.7 Dodging
 - Level 1.7 Spellcasting
 + Level 3.4 Conjurations


You had 2 spell levels left.
You knew the following spells:

 Your Spells              Type           Power      Damage    Failure   Level
a - Kiss of Death         Conj/Necr      24%        2d7       14%         1
b - Momentum Strike       Conj/Tloc      12%        3d8       22%         2

Your spell library contained the following spells:

 Spells                   Type           Power      Damage    Failure   Level
 Sandblast                Erth           2%         2d4       28%         1
 Passwall                 Tmut/Erth      0%         N/A       38%         2
 Hailstorm                Conj/Ice       6%         3d4       38%         3
 Stone Arrow              Conj/Erth      12%        3d7       38%         3
 Confusing Touch          Hex            1%         N/A       63%         3
 Brom's Barrelling Bould  Conj/Erth      6%         2d3       80%         4
 Dispel Undead            Necr           1%         3d6       95%         4


Dungeon Overview and Level Annotations

Branches:
Dungeon (3/15)


Innate Abilities, Weirdness & Mutations

You have an increased reservoir of magic. (+10% MP)
You shall have no god before yourself.
Your divine heritage dramatically boosts your attributes as you level up.


Message History

The gnoll hits you with a +0 spear.
You hit the gnoll.
The gnoll is moderately wounded.
The gnoll hits you with a +0 spear.
You barely miss the gnoll.
The gnoll is moderately wounded.
The gnoll hits you with a +0 spear.
* * * LOW HITPOINT WARNING * * *
You hit the gnoll.
The gnoll is heavily wounded.
The gnoll barely misses you.
You closely miss the gnoll. You punch the gnoll.
The gnoll is severely wounded.
The gnoll hits you with a +0 spear.
* * * LOW HITPOINT WARNING * * *
It was a potion of attraction.
You feel attractive to monsters. The gnoll barely misses you.
The gnoll hits you with a +0 spear.
* * * LOW HITPOINT WARNING * * *
It was a potion of curing.
You feel better. The gnoll hits you but does no damage.
The gnoll hits you with a +0 spear.
Okay, then.
You hit the gnoll.
The gnoll is almost dead.
The gnoll hits you but does no damage. The gnoll closely misses you.
You completely miss the gnoll.
The gnoll is almost dead.
The gnoll barely misses you. x2; The gnoll hits you with a +0 spear.
* * * LOW HITPOINT WARNING * * *
The gnoll hits you with a +0 club.
* * * LOW HITPOINT WARNING * * *
Casting: Momentum Strike (safe; 22% risk of failure)
Confirm with . or Enter, or press ? or * to list all spells.
Aiming: Kiss of Death (safe; 14% risk of failure)
Press: ? - help, Shift-Dir - straight line, f - gnoll
Aim: a gnoll, wielding a +0 spear (almost dead, 100% to hit)
The negative energy hits the gnoll!
The gnoll is drained!
You kill the gnoll!
You feel drained. The gnoll hits you with a +0 club.
You die...

#..... ....# .....
...##### #.#
.......# #.# #####
#.#.##.# #.#
#>..###.#.##.# #.#
#.#..##.#.##.#######
#.#
#....†.....@)..(....
#.#
#.##.##.#.##g#....##
##.###.##.##.#.##.#
...#
.............#.##.#
..#
.#.....###.###.##.#
.#
.#.....#.)........#
#
.#..#.............'
.#..#)##.##########
.#).#)##.#


You could see a gnoll.

Vanquished Creatures
  3 gnolls (D:3)
  An adder (D:2)
  2 dart slugs
  5 orcs (D:3)
  5 endoplasms
  2 giant cockroaches (D:3)
  7 goblins
  A hobgoblin (D:2)
  A quokka (D:2)
  4 bats (D:1)
  6 frilled lizards
  2 kobolds (D:1)
  3 rats
42 creatures vanquished.

Notes
Turn   | Place    | Note
-------+----------+-------------------------------------------
     0 | D:1      | Avanven the Demigod Reaver began the quest for the Orb.
     0 | D:1      | Reached XP level 1. HP: 17/17 MP: 5/5
   322 | D:1      | Reached skill level 3 in Long Blades
   468 | D:1      | Reached XP level 2. HP: 23/24 MP: 7/7
  1122 | D:2      | Reached XP level 3. HP: 29/29 MP: 8/8
  1165 | D:2      | Learned a level 2 spell: Momentum Strike
  1714 | D:3      | Reached skill level 4 in Long Blades
  1730 | D:3      | Slain by a gnoll

Illustrated notes

Levels and vault maps discovered:
D:1:      ldierk_walled_garden_2, layout_basic, minmay_nonomino_d4
D:2:      layout_loops_ring, hellmonk_ecumenical_altar_lost_god
D:3:      layout_basic

Skill      XL: |  1  2  3 |
---------------+----------+-----
Long Blades    | 3 4 |  4.0
Conjurations   | 3 |  3.4
Fighting       | |  1.7
Dodging        | |  1.7
Spellcasting   | |  1.7

Action                     || total
---------------------------++-------
  Melee: Falchion          ||   128
         Punch             ||     2
   Cast: Kiss of Death     ||     2
         Momentum Strike   ||     1
    Use: Potion            ||     2
   Stab: Sleeping          ||     1
 Armour: Leather armour    ||    95
  Dodge: Dodged            ||    87

Table legend: (Time is in decaauts)
 A = Elapsed time spent in this place.
 B = Non-inter-level travel time spent in this place.
 C = Inter-level travel time spent in this place.
 D = Time resting spent in this place.
 E = Time spent auto-exploring this place.
 F = Levels seen in this place.
 G = Mean time per level.
                   A        B        C        D        E       F      G
               +--------+--------+--------+--------+--------+-----+--------+
         Total |   1751 |   1630 |    121 |     64 |   1208 |   3 |  583.7 |
       Dungeon |   1751 |   1630 |    121 |     64 |   1208 |   3 |  583.7 |
               +--------+--------+--------+--------+--------+-----+--------+

Top non-repeatable levels by time:
     D:1: 815 daAuts
     D:2: 644 daAuts
     D:3: 291 daAuts
